 Dungeon Crawl Stone Soup version 0.18.1-47-g9310371 (webtiles) character file.

1516 Gagarin the Sneak (level 8, -5/40 HPs)
             Began as a Vine Stalker Assassin on June 15, 2016.
             Was a Follower of Sif Muna.
             Shot with a sling bullet by Joseph (9 damage)
             ... on level 7 of the Dungeon.
             The game lasted 00:31:39 (5834 turns).

Gagarin the Sneak (Vine Stalker Assassin)           Turns: 5834, Time: 00:31:40

Health: -5/40      AC:  6    Str: 14    XL:     8   Next: 83%
Magic:  0/15       EV: 13    Int: 13    God:    Sif Muna [*.....]
Gold:   307        SH:  0    Dex: 16    Spells: 2 memorised, 8 levels left

rFire  . . .     SeeInvis .     b - +0 blowgun
rCold  . . .     Gourm    .     c - +0 robe
rNeg   . . .     Faith    .     (no shield)
rPois  .         Spirit   +     (no helmet)
rElec  .         Dismiss  .     A - +1 cloak
rCorr  .         Reflect  .     D - +0 pair of gloves
SustAt .         Harm     .     E - +0 pair of boots
MR     +....                    t - amulet of rage
Stlth  +++.......               (no ring)
                                (no ring)

@: heavily drained, somewhat resistant to hostile enchantments, fairly stealthy
A: fangs 3, regeneration 2, magic shield, antimagic bite, no device heal 3, rot
immunity
a: Channel Energy, Renounce Religion, Evoke Berserk Rage


You were on level 7 of the Dungeon.
You worshipped Sif Muna.
Sif Muna was aware of your devotion.
You were not hungry.

You visited 1 branch of the dungeon, and saw 7 of its levels.

You collected 307 gold pieces.

Inventory:

Hand Weapons
 a - a +2 dagger
 b - a +0 blowgun (weapon)
 k - a +0 short sword
 I - a +2 dagger of venom
 P - a +0 shortbow
Missiles
 e - 29 poisoned needles (quivered)
 m - 52 arrows
Armour
 c - a +0 robe (worn)
 A - a +1 cloak (worn)
 D - a +0 pair of gloves (worn)
 E - a +0 pair of boots (worn)
Magical Staves
 H - an uncursed staff of earth
Jewellery
 t - an amulet of rage (around neck)
 S - an uncursed ring of see invisible {unknown}
Wands
 h - a wand of paralysis (12/24)
 r - a wand of slowing (34/48)
 R - a wand of paralysis (15/24)
Scrolls
 d - 2 scrolls of amnesia {unknown}
 i - 2 scrolls of fog
 o - 5 scrolls of noise
 p - a scroll of identify
 s - a scroll of fear {unknown}
 v - a scroll of random uselessness {unknown}
 w - 5 scrolls of teleportation
 y - 4 scrolls of blinking {unknown}
 C - a scroll of enchant armour {unknown}
 K - a scroll of immolation {unknown}
 O - 2 scrolls of enchant weapon {unknown}
Potions
 f - a potion of magic {unknown}
 j - 2 potions of haste {unknown}
 l - a potion of berserk rage {unknown}
 n - a potion of agility {unknown}
 x - 3 potions of resistance {unknown}
 z - a potion of curing {unknown}
 B - a potion of heal wounds {unknown}
 F - 2 potions of cure mutation {unknown}
 G - 2 potions of cancellation {unknown}
 L - a potion of lignification {unknown}
 T - a potion of brilliance {unknown}
Books
 u - a book of the Warp

   Spells                             Type                      Level
   a - Recall                         Summoning/Translocation      3
   b - Gell's Gravitas                Hexes/Translocation          3
   c - Force Lance                    Conjuration/Translocation    4
   d - Warp Weapon                    Charms/Translocation         5
   e - Summon Forest                  Summoning/Translocation      5
Comestibles
 g - 4 bread rations
 q - 6 fruits
 J - a beef jerky


   Skills:
 + Level 3.2(2.0) Fighting
 + Level 3.2(2.1) Short Blades
 + Level 3.3(2.2) Throwing
 + Level 3.6(2.4) Dodging
 + Level 7.6(6.3) Stealth
 * Level 4.1(2.9) Spellcasting
 * Level 2.2(1.1) Conjurations
 + Level 2.4(1.3) Hexes
 + Level 2.8(1.7) Translocations
 + Level 0.1(0.0) Evocations


You had 8 spell levels left.
You knew the following spells:

 Your Spells              Type           Power        Failure   Level  Hunger
a - Gell's Gravitas       Hex/Tloc       #.........   38%         3    ###....
b - Force Lance           Conj/Tloc      #.......     96%         4    #####..


Dungeon Overview and Level Annotations

Branches:
Dungeon (7/15)             Temple (0/1) D:6

Altars:
Dithmenos
Nemelex Xobeh
Okawaru
Pakellas
Qazlal
Sif Muna
Vehumet

Annotations:
D:4 Gagarin's ghost, amateur OpCj
D:7 Joseph


Innate Abilities, Weirdness & Mutations

You have razor-sharp teeth.
You heal very quickly.
When hurt, damage is shared between your health and your magic reserves.
Your bite disrupts and absorbs the magic of your enemies.
Potions and wands cannot restore your health.
You are immune to rotting.


Message History

* * * LOW HITPOINT WARNING * * *
Quiver which item? (- for none, * to show all) (? for menu, Esc to quit)
Quivering
N - 2 curare-tipped needles for blowguns.
Firing (i - inventory. (,) - cycle):
N - 2 curare-tipped needles (quivered)
Press: ? - help, Shift-Dir - straight line, f/p - Joseph
Aim: Joseph, wielding a quarterstaff and wearing a leather armour (severely wounded, poisoned)
You shoot a curare-tipped needle. The curare-tipped needle hits Joseph.
Joseph looks even sicker.
Joseph convulses.
Joseph seems to slow down.
Joseph is severely wounded.
Joseph hits you with a quarterstaff!
* * * LOW HITPOINT WARNING * * *
Firing (i - inventory. (,) - cycle):
N - a curare-tipped needle (quivered)
Press: ? - help, Shift-Dir - straight line, f/p - Joseph
Aim: Joseph, wielding a quarterstaff and wearing a leather armour (severely wounded, slow, poisoned)
You shoot a curare-tipped needle.
The curare-tipped needle barely misses Joseph.
Joseph unwields an uncursed quarterstaff.
Joseph wields a hunting sling.
Joseph shoots a sling bullet.
The sling bullet hits you!
You die...

##...# ..... #.#.# #
##.##.#.########.##.
....................
#.##$#.###<....<...
#.#(.###.###.##
#.##.##.###.###+##.#
#(..@(@..##.......#
#.#####.###.......+
#.# #.......# #..
#.......#
##.##.......#
..........#
.##.......#
..#.......#


You could see Joseph.

Vanquished Creatures
  Sigmund (D:4)
  A centaur (D:5)
  2 ogres
  3 giant frogs (D:6)
  5 wights (D:6)
  A centaur zombie (D:6)
  A crimson imp (D:6)
  3 hounds
  Crazy Yiuf (D:4)
  6 worker ants
  Natasha (thrice) (D:3)
  3 iguanas
  A howler monkey zombie (D:6)
  8 adders
  A gnoll (D:3)
  A shadow imp (D:5)
  6 worms
  An adder zombie (D:6)
  2 dart slugs
  6 giant geckos
  11 orcs
  6 giant cockroaches
  4 hobgoblins
  4 jackals
  8 kobolds
  4 quokkas
  3 ball pythons
  7 bats
  2 giant newts
  5 goblins
  A quokka skeleton (D:6)
  4 rats
115 creatures vanquished.

Notes
Turn   | Place    | Note
--------------------------------------------------------------
     0 | D:1      | Gagarin the Vine Stalker Assassin began the quest for the Orb.
     0 | D:1      | Reached XP level 1. HP: 11/11 MP: 2/2
   349 | D:1      | Reached skill level 5 in Stealth
   381 | D:1      | Reached XP level 2. HP: 13/15 MP: 3/3
   568 | D:2      | Reached skill level 1 in Dodging
   603 | D:2      | Found a deep blue altar of Sif Muna.
   623 | D:2      | Became a worshipper of Sif Muna the Loreminder
   636 | D:2      | Reached XP level 3. HP: 18/18 MP: 4/4
  1284 | D:3      | Reached XP level 4. HP: 23/23 MP: 5/5
  1289 | D:3      | Reached skill level 6 in Stealth
  1702 | D:3      | Noticed Natasha
  1709 | D:3      | Killed Natasha
  1709 | D:3      | Reached XP level 5. HP: 26/26 MP: 6/6
  1720 | D:3      | Learned a level 3 spell: Gell's Gravitas
  1726 | D:3      | Noticed Natasha
  1739 | D:3      | Killed Natasha
  1781 | D:3      | Noticed Natasha
  1799 | D:3      | Killed Natasha
  2455 | D:3      | Reached skill level 1 in Spellcasting
  2455 | D:3      | Reached skill level 1 in Translocations
  2760 | D:4      | Noticed an ogre
  2763 | D:4      | Killed an ogre
  2763 | D:4      | Reached skill level 7 in Stealth
  2763 | D:4      | Reached skill level 1 in Hexes
  2763 | D:4      | Gained mutation: You heal very quickly. [Vine Stalker growth]
  2763 | D:4      | Reached XP level 6. HP: 30/30 MP: 7/9
  2796 | D:4      | Found a sparkling altar of Nemelex Xobeh.
  2829 | D:4      | Noticed Gagarin's ghost (amateur OpCj)
  2951 | D:4      | Noticed Sigmund
  2956 | D:4      | Killed Sigmund
  2956 | D:4      | Reached XP level 7. HP: 35/35 MP: 9/11
  3097 | D:4      | Found a stormy altar of Qazlal.
  3140 | D:4      | Learned a level 4 spell: Force Lance
  3571 | D:4      | Found an oddly glowing altar of Pakellas.
  3571 | D:4      | Found a shadowy altar of Dithmenos.
  3699 | D:4      | Noticed Crazy Yiuf
  3704 | D:4      | Killed Crazy Yiuf
  3704 | D:4      | Reached * piety under Sif Muna
  3773 | D:5      | Entered Level 5 of the Dungeon
  3773 | D:5      | Found a radiant altar of Vehumet.
  4298 | D:5      | Gained mutation: You have razor-sharp teeth. [Vine Stalker growth]
  4298 | D:5      | Reached XP level 8. HP: 39/39 MP: 13/13
  4393 | D:5      | Found a shadowy altar of Dithmenos.
  4542 | D:5      | Found an iron altar of Okawaru.
  4895 | D:6      | Reached skill level 1 in Conjurations
  5262 | D:6      | Found a stormy altar of Qazlal.
  5479 | D:6      | Found a staircase to the Ecumenical Temple.
  5805 | D:7      | Noticed Joseph
  5834 | D:7      | Shot with a sling bullet by Joseph

Skill      XL: |  1  2  3  4  5  6  7  8 |
---------------+-------------------------+-----
Fighting       | 2 3 |  3.2
Stealth        | 5 6 7 |  7.6
Dodging        | 1 2 3 |  3.6
Throwing       | 2 3 |  3.3
Short Blades   | 2 3 |  3.2
Spellcasting   | 1 2 3 4 |  4.1
Translocations | 1 2 |  2.8
Hexes          | 1 2 |  2.4
Conjurations   | 2 |  2.2
Evocations     | |  0.1

Action                   |  1- 3 |  4- 6 |  7- 9 || total
-------------------------+-------+-------+-------++-------
Melee: Short sword       |     9 |    33 |       ||    42
       Dagger            |    52 |    63 |   263 ||   378
       Bite              |    12 |    17 |   101 ||   130
 Fire: Blowgun           |     7 |    39 |    41 ||    87
 Cast: Gell's Gravitas   |       |       |     6 ||     6
 Abil: Evoke Berserk Rag |       |       |     1 ||     1
Evoke: Wand              |       |     5 |       ||     5
  Use: Scroll            |       |     6 |     1 ||     7
 Stab: Sleeping          |    10 |    11 |     5 ||    26
       Paralysed         |       |     5 |       ||     5
       Confused          |       |       |     3 ||     3
  Eat: Chunk             |     1 |     5 |     7 ||    13
       Bread ration      |       |       |     1 ||     1
Armor: Robe              |    12 |    21 |    69 ||   102
Dodge: Dodged            |    25 |    64 |   141 ||   230
